 Dungeon Crawl Stone Soup version 0.30-a0-634-g8abc85282e (webtiles) character file.

Game seed: 15415884164547123032

230 wormed the Cudgeller (level 6, 0/48 HPs)
             Began as a Vine Stalker Berserker on Jan 14, 2023.
             Was a Believer of Trog.
             Succumbed to an adder's poison
             ... on level 4 of the Dungeon.
             The game lasted 00:02:44 (2469 turns).

wormed the Cudgeller (Vine Stalker Berserker)       Turns: 2469, Time: 00:02:45

Health: 0/48       AC:  7    Str: 20    XL:     6   Next: 3%
Magic:  5/7        EV: 10    Int:  7    God:    Trog [**....]
Gold:   168        SH:  0    Dex: 15    Spells: 5/5 levels left

rFire   . . .      SeeInvis .    a - +1 mace
rCold   . . .      Faith    .    (no shield)
rNeg    . . .      Spirit   +    c - +0 scale mail
rPois   .          Reflect  .    d - +0 helmet
rElec   .          Harm     .    (no cloak)
rCorr   +          Rampage  .    (no gloves)
Will    .....                    (no boots) Stlth
                                 (no amulet)
HPRegen 1.08/turn                i - ring of resist corrosion
MPRegen 0.10/turn                (no ring)

@: berserking, lethally poisoned (0 -> -7), very quick
A: fangs 2, regeneration 1, magic shield, antimagic bite, no potion heal 2
a: Renounce Religion, Berserk, Trog's Hand


You were on level 4 of the Dungeon.
You worshipped Trog.
Trog was pleased with you.
You visited 1 branch of the dungeon, and saw 4 of its levels.

You collected 168 gold pieces.

Inventory:

Hand Weapons
 a - a +1 mace (weapon)
Missiles
 b - 9 poisoned darts (quivered)
Armour
 c - a +0 scale mail (worn)
 d - a +0 helmet (worn)
Jewellery
 i - a ring of resist corrosion (left hand)
Wands
 l - a wand of polymorph (2)
Scrolls
 f - a scroll of torment
 j - a scroll of teleportation
Potions
 e - a potion of invisibility
 g - a potion of haste
 h - a potion of curing {unknown}
 k - a potion of might {unknown}
 m - a potion of brilliance {unknown}
 n - a potion of attraction


   Skills:
 + Level 3.3 Fighting
 * Level 4.0 Maces & Flails
 + Level 2.4 Armour
 + Level 2.5 Dodging
 + Level 1.8 Shields


You had 5 spell levels left.
You didn't know any spells.
Your spell library was empty.

Dungeon Overview and Level Annotations

Branches:
Dungeon (4/15)
 Temple: D:4-7

Altars:

Shops:
D:1 (

Annotations:
D:3 3 runed translucent doors, bchevrier's ghost, amateur GnWn


Innate Abilities, Weirdness & Mutations

You have extremely sharp teeth.
Your natural rate of healing is unusually fast.
When hurt, damage is shared between your health and your magic reserves.
Your bite disrupts and absorbs the magic of your enemies.
Potions cannot restore your health.


Message History

You feel very sick. The adder misses you.
The orc wizard hits you but does no damage.
The adder barely misses you.
You sock the orc wizard! You bite the orc wizard.
You kill the orc wizard!
Trog accepts your kill.
Trog appreciates your killing of a magic user.
You feel sick. The adder bites you but does no damage.
You completely miss the orc priest. You bite the orc priest.
You drain its power.
You feel invigorated.
The orc priest is heavily wounded.
You feel sick.
The orc priest hits you with a +1 hand axe of venom.
You are more poisoned.
The orc wizard misses you. The adder bites you.
* * * LOW HITPOINT WARNING * * *
You are lethally poisoned!
The adder poisons you!
You barely miss the orc priest. You bite the orc priest!
You kill the orc priest!
Trog accepts your kill.
* * * LOW HITPOINT WARNING * * *
You feel very sick.
The orc wizard hits you but does no damage.
The adder barely misses you.
Your Maces & Flails skill increases to level 4!
You have reached level 6!
You miss the adder.
* * * LOW HITPOINT WARNING * * *
You feel very sick. The adder closely misses you.
The orc wizard hits you but does no damage.
You closely miss the adder.
* * * LOW HITPOINT WARNING * * *
You feel very sick. The adder closely misses you.
The orc wizard barely misses you.
You thump the orc wizard!
The orc wizard is almost dead.
You die...

. ...## ....# #
....o#.# #.#
#S##S#.. ..
#.##.#.##.####
.###.##.#........
.....##.#)##.#
#.....S@..#
#.##.#o####
#......# >###
#.##.###
.....#####.##.#
#..........#
####.#.#####
#.#.# #######.#.#


You could see an orc wizard and an adder.

Vanquished Creatures
  An orc priest (D:4)
  A hound (D:3)
  Jessica (D:2)
  An orc wizard (D:4)
  6 adders
  4 dart slugs
  2 ball pythons
  9 endoplasms
  7 giant cockroaches
  5 goblins
  5 hobgoblins
  A quokka (D:1)
  9 bats
  2 frilled lizards (D:1)
  4 kobolds
  3 rats
61 creatures vanquished.

Vanquished Creatures (others)
  5 toadstools (D:1)
5 creatures vanquished.

Grand Total: 66 creatures vanquished

Notes
Turn   | Place    | Note
-------+----------+-------------------------------------------
     0 | D:1      | wormed the Vine Stalker Berserker began the quest for the
                  | Orb.
     0 | D:1      | Reached XP level 1. HP: 11/11 MP: 2/2
   107 | D:1      | Reached XP level 2. HP: 16/16 MP: 3/3
   226 | D:1      | Reached skill level 3 in Maces & Flails
   328 | D:1      | Reached XP level 3. HP: 19/19 MP: 4/4
   382 | D:1      | Reached ** piety under Trog
   500 | D:1      | Found Hiumish's Weapon Emporium.
   733 | D:1      | Reached skill level 1 in Shields
   919 | D:2      | Gained mutation: Your natural rate of healing is unusually
                  | fast. [Vine Stalker growth]
   919 | D:2      | Reached XP level 4. HP: 19/24 MP: 5/5
  1296 | D:2      | Noticed Jessica
  1317 | D:2      | Killed Jessica
  1740 | D:3      | Reached XP level 5. HP: 28/28 MP: 4/6
  2037 | D:3      | Found a runed translucent gate.
  2037 | D:3      | Found a runed translucent gate.
  2037 | D:3      | Noticed bchevrier's ghost (amateur GnWn)
  2038 | D:3      | Found a runed translucent gate.
  2467 | D:4      | Reached skill level 4 in Maces & Flails
  2467 | D:4      | Reached XP level 6. HP: 7/32 MP: 5/7
  2468 | D:4      | HP: 2/48 [poisoned by an adder]
  2469 | D:4      | Succumbed to an adder's poison

Illustrated notes

Levels and vault maps discovered:
D:1:      ldierk_walled_garden, layout_basic, serial_shops, shop_fountains
D:2:      layout_basic, uniq_jessica
D:3:      layout_loops_ring, ebering_ghost_rock_garden, st_stairs_14
D:4:      layout_loops_ring, uniq_blork_the_orc

Skill      XL: |  1  2  3  4  5 |
---------------+----------------+-----
Maces & Flails | 3 4 |  4.0
Shields        | 1 |  1.8
Dodging        | 2 |  2.5
Fighting       | 3 |  3.3
Armour         | 2 |  2.4

Action                   |  1- 3 |  4- 6 || total
-------------------------+-------+-------++-------
Melee: Mace              |    75 |    78 ||   153
       Bite              |    17 |    19 ||    36
Invok: Berserk           |       |     1 ||     1
  Use: Scroll            |     3 |     5 ||     8
Armor: Scale mail        |    25 |    30 ||    55
       Animal skin       |     3 |       ||     3
       Skin              |       |    11 ||    11
Dodge: Dodged            |    51 |    47 ||    98

Table legend: (Time is in decaauts)
 A = Elapsed time spent in this place.
 B = Non-inter-level travel time spent in this place.
 C = Inter-level travel time spent in this place.
 D = Time resting spent in this place.
 E = Time spent auto-exploring this place.
 F = Levels seen in this place.
 G = Mean time per level.
                   A        B        C        D        E       F      G
               +--------+--------+--------+--------+--------+-----+--------+
         Total |   2503 |   2381 |    122 |      0 |   1930 |   4 |  625.8 |
       Dungeon |   2503 |   2381 |    122 |      0 |   1930 |   4 |  625.8 |
               +--------+--------+--------+--------+--------+-----+--------+

Top non-repeatable levels by time:
     D:2: 932 daAuts
     D:1: 821 daAuts
     D:3: 699 daAuts
     D:4: 49 daAuts
